 Dungeon Crawl Stone Soup version 0.31-a0-542-gdc2a67831c (console) character file.

Game seed: 2373504419939326243

7 Lexodia the Cudgeller (level 2, 0/29 HPs)
             Began as an Ogre Gladiator on Aug 14, 2023.
             Slain by an orc
             ... wielding a +0 trident
              (3 damage)
             ... on level 3 of the Dungeon.
             The game lasted 00:02:24 (348 turns).

Lexodia the Cudgeller (Ogre Gladiator)               Turns: 348, Time: 00:02:25

Health: 0/29       AC:  3    Str: 17    XL:     2   Next: 4%
Magic:  2/2        EV: 10    Int:  9    God:
Gold:   0          SH:  0    Dex: 10    Spells: 1/1 levels left

rFire   . . .        i - +2 dagger (venom)
rCold   . . .        (no shield)
rNeg    . . .        b - +0 robe
rPois   .            c - +0 hat
rElec   .            (no cloak)
rCorr   .            (gloves unavailable)
SInv    .            (boots unavailable)
Will    .....        (no amulet)
Stlth   +            (no ring)
HPRegen 0.24/turn    (no ring)
MPRegen 0.08/turn

%: no passive effects
@: no status effects
A: large, unfitting armour, tough skin 1
a: no special abilities


You were on level 3 of the Dungeon.
You visited 1 branch of the dungeon, and saw 3 of its levels.

Inventory:

Hand Weapons
 a - a +0 flail
 i - a +2 dagger of venom (weapon)
Missiles
 d - 3 throwing nets (quivered)
 e - a large rock
Armour
 b - a +0 robe (worn)
 c - a +0 hat (worn)
Scrolls
 f - a scroll of identify {unknown}
 g - a scroll of torment {unknown}
 k - a scroll of teleportation {unknown}
Potions
 j - a potion of might {unknown}


   Skills:
 + Level 2.9 Fighting
 * Level 2.9 Maces & Flails
 + Level 2.1 Throwing
 + Level 2.8 Dodging


You had one spell level left.
You didn't know any spells.
Your spell library was empty.

Dungeon Overview and Level Annotations

Branches:
Dungeon (3/15)

Altars:

Shops:
D:1 !   D:3 (

Annotations:
D:2 Robin
D:3 Pargi


Innate Abilities, Weirdness & Mutations

You are too large for most types of armour.
You have tough skin. (AC +1)


Message History

The kobold is wielding a +0 club and quivering poisoned darts.
The kobold shouts!
The ball python hisses angrily.
You hear an angry hiss.
The kobold throws a poisoned dart.
The poisoned dart closely misses you.
An adder comes into view.
Unknown command.
The adder hisses angrily.
The kobold throws a poisoned dart.
The poisoned dart hits you!
You are poisoned.
You feel sick.
Damage: -6%(-2hp) hp: 94%(27hp)
You closely miss the ball python.
You feel sick. The ball python completely misses you.
Damage: -4%(-1hp) hp: 90%(26hp)
You feel sick.
The ball python bites you but does no damage.
Damage: -3%(-1hp) hp: 87%(25hp)
You feel sick.
You see here 12 gold pieces.
Damage: -4%(-1hp) hp: 83%(24hp) Unknown command.
An orc comes into view. It is wielding a +0 trident.
You feel sick.
The orc shouts!
Pargi bites you! Pargi claws you. x2
Huge Dmg: -38%(-11hp) hp: 45%(13hp)
You feel sick.
You feel sick.
You are no longer poisoned.
The orc hits you with a +0 trident.
* * * LOW HITPOINT WARNING * * *
Huge Dmg: -17%(-5hp) hp: 28%(8hp)
The orc hits you but does no damage. The orc attacks as you move away!
The orc hits you with a +0 trident.
* * * LOW HITPOINT WARNING * * *
The orc barely misses you.
Huge Dmg: -21%(-6hp) hp: 7%(2hp) It was a potion of magic.
Magic courses through your body. The adder barely misses you.
The orc hits you from afar with a +0 trident.
You die...

.. .##.#....#
...###....(.###..
................#
..........#######
....###K.TK.#
.............#T#
#............#S#########
........##...#oS.......#
.....:.. #...#..@......#
....### ..###.........#
..#### ##.........<...#
.....# #####.........#
..# #<........# .##
#####†........# ## ####
#.....##...#### ###...
....######..## ##..#
............####


You could see Pargi, an adder, an orc, a ball python and a kobold.

Vanquished Creatures
  A dart slug (D:3)
  An orc (D:3)
  A bat (D:3)
  A kobold (D:2)
  2 rats (D:3)
6 creatures vanquished.

Notes
Turn   | Place    | Note
-------+----------+-------------------------------------------
     0 | D:1      | Lexodia the Ogre Gladiator began the quest for the Orb.
     0 | D:1      | Reached XP level 1. HP: 22/22 MP: 1/1
     7 | D:1      | Found Arariad's Distillery.
    86 | D:3      | Found Gadau's Weapon Shoppe.
   128 | D:3      | Huge Dmg: 6 dmg
   162 | D:3      | Noticed Pargi
   196 | D:2      | Noticed Robin
   291 | D:3      | Reached XP level 2. HP: 29/29 MP: 2/2
   344 | D:3      | Huge Dmg: 11 dmg
   346 | D:3      | Huge Dmg: 5 dmg
   348 | D:3      | Huge Dmg: 6 dmg
   348 | D:3      | Slain by an orc

Illustrated notes

Levels and vault maps discovered:
D:1:      minmay_arrival_three_doors, layout_rooms, serial_shops,
          nicolae_shop_tiny_waterfront, serial_bayou_lake_a
D:2:      layout_basic, serial_park_tiny_2, minmay_misc_feat_cross,
          uniq_natasha, uniq_robin
D:3:      layout_rooms, grunt_gozag_breadcrumbs, mainiacjoe_overflow_brackets,
          nemelex_xobeh_ov_fountains_minmay, serial_shops, nicolae_square_shop,
          uniq_pargi

Action                     || total
---------------------------++-------
  Melee: Dagger            ||    28
    Use: Potion            ||     1
 Armour: Robe              ||    24
  Dodge: Dodged            ||    28

Table legend: (Time is in decaauts)
 A = Elapsed time spent in this place.
 B = Non-inter-level travel time spent in this place.
 C = Inter-level travel time spent in this place.
 D = Time resting spent in this place.
 E = Time spent auto-exploring this place.
 F = Levels seen in this place.
 G = Mean time per level.
                   A        B        C        D        E       F      G
               +--------+--------+--------+--------+--------+-----+--------+
         Total |    348 |    345 |      3 |      0 |     35 |   3 |  116.0 |
       Dungeon |    348 |    345 |      3 |      0 |     35 |   3 |  116.0 |
               +--------+--------+--------+--------+--------+-----+--------+

Top non-repeatable levels by time:
     D:3: 178 daAuts
     D:2: 153 daAuts
     D:1: 16 daAuts
